 Dungeon Crawl Stone Soup version 0.32-a0-391-gce5c0aab1b (webtiles) character file.

Game seed: 1024474367645395701

516469 jestert79 the Executioner (level 27, -15/231 HPs)
             Began as a Formicid Reaver on Feb 18, 2024.
             Was the Champion of Uskayaw.
             Killed from afar by a titan (47 damage)
             ... with a bolt of lightning
             ... on level 5 of the Vaults on Feb 19, 2024.
             The game lasted 05:23:02 (59332 turns).

jestert79 the Executioner (Formicid Reaver)        Turns: 59332, Time: 05:23:03

Health: -15/231    AC: 37    Str: 26    XL:     27
Magic:  31/31      EV: 10    Int: 18    God:    Uskayaw [******]
Gold:   4151       SH: 18    Dex: 15    Spells: 28/30 levels left

rFire   + . .        b - +3 executioner's axe (spect)
rCold   . . .        W - +2 kite shield {reflect}
rNeg    + . .        v - +9 plate armour {rF+}
rPois   .            (helmet unavailable)
rElec   .            f - +2 cloak
rCorr   .            Q - +0 pair of fencer's gloves {Riposte Dex+3}
SInv    +            s - +2 pair of boots
Will    +....        w - amulet of regeneration Stlth
                     h - ring of willpower
HPRegen 1.38/turn    x - ring of positive energy
MPRegen 0.22/turn

%: reflection, clarity
@: weak-willed, studying 2 skills
A: permanent stasis, dig shafts and tunnels, antennae 3, four strong arms,
clarity, low MP 1
}: 2/15 runes: decaying, gossamer
a: Dig, Shaft Self, Renounce Religion, Stomp, Line Pass, Grand Finale


You were on level 5 of the Vaults.
You worshipped Uskayaw.
Uskayaw was pleased with you.
You visited 10 branches of the dungeon, and saw 46 of its levels.
You visited the Abyss 2 times.
You visited 1 bazaar.
You also visited: Sewer and Volcano.

You collected 6963 gold pieces.
You spent 2812 gold pieces at shops.

Inventory:

Hand Weapons
 a - a +9 battleaxe of freezing
 b - a +3 spectral executioner's axe (weapon)
Missiles
 k - 9 silver javelins
 B - 52 boomerangs (quivered)
 C - 7 throwing nets
 F - 2 curare-tipped darts
Armour
 f - a +2 cloak (worn)
 s - a +2 pair of boots (worn)
 v - a +9 plate armour of fire resistance (worn)
 Q - the +0 pair of fencer's gloves (worn) {Riposte Dex+3}
   (You acquired it on level 4 of the Lair of Beasts)

   Riposte:   It allows the wearer to riposte with melee weapons, swiftly
   retaliating against missed or blocked melee attacks.
   Dex+3:     It affects your dexterity (+3).
 W - a +2 kite shield of reflection (worn)
Jewellery
 h - a ring of willpower (left hand)
 m - the ring of Ocsergh {Fire rElec rCorr Int+3}
   (You found it on level 2 of the Dungeon)

   [ring of fire]

   Fire:      It enhances your fire magic.
   Int+3:     It affects your intelligence (+3).
   rF+:       It protects you from fire.
   rC-:       It makes you vulnerable to cold.
   rElec:     It insulates you from electricity.
   rCorr:     It protects you from acid and corrosion.
 o - a ring of protection from cold
 w - an amulet of regeneration (around neck)
 x - a ring of positive energy (right hand)
 z - the ring of Equivalence {rF+ Str+2 Int+3 Dex+2}
   (You found it on level 3 of the Crypt)

   [ring of protection from fire]

   Str+2:     It affects your strength (+2).
   Int+3:     It affects your intelligence (+3).
   Dex+2:     It affects your dexterity (+2).
   rF+:       It protects you from fire.
 I - the ring "Nuru" {*Slow Fly rPois rCorr Stlth+}
   (You bought it in a shop in a bazaar)

   [ring of flight]

   rPois:     It protects you from poison Fly: It grants you flight.
   rCorr:     It protects you from acid and corrosion.
   *Slow:     It may slow you when you take damage.
   Stlth+:    It makes you more stealthy.
 P - a ring of positive energy
 S - the ring "Himacw" {rPois Slay+4}
   (You found it on level 14 of the Dungeon)

   [ring of slaying]

   Slay+4:    It affects your accuracy & damage with ranged weapons and melee
   (+4).
   rPois:     It protects you from poison
Wands
 A - a wand of iceblast (37)
 H - a wand of digging (10)
 J - a wand of acid (6)
Scrolls
 u - 3 scrolls of immolation
 E - 3 scrolls of revelation
 K - 9 scrolls of poison
 N - a scroll of silence
 R - 13 scrolls of fog
 U - 5 scrolls of vulnerability
 Y - 7 scrolls of fear
Potions
 c - 5 potions of cancellation
 d - 8 potions of attraction
 g - 4 potions of enlightenment
 i - 4 potions of berserk rage
 j - 15 potions of curing
 q - 5 potions of magic
 r - 3 potions of might
 D - 9 potions of brilliance
 G - a potion of ambrosia
 T - 3 potions of resistance
 V - 12 potions of mutation
 X - 7 potions of lignification
Miscellaneous
 t - a phial of floods
 y - a lightning rod (inert)
 M - a phantom mirror (inert)
 O - a sack of spiders
 Z - a condenser vane (inert)


   Skills:
 + Level 21.9 Fighting
 - Level 23.7(24.0) Axes
 - Level 5.9(16.7) Maces & Flails
 - Level 13.6 Throwing
 + Level 20.2 Armour
 - Level 3.5 Dodging
 + Level 21.5 Shields
 - Level 2.1 Spellcasting
 - Level 2.6 Conjurations
 - Level 3.0 Alchemy
 + Level 15.3 Invocations
 + Level 13.8 Evocations


You had 28 spell levels left.
You knew the following spells:

 Your Spells              Type           Power      Damage    Failure   Level
a - Kiss of Death         Conj/Necr      24%        2d7       52%         1
b - Sting                 Conj/Alch      48%        1d6       32%         1

Your spell library contained the following spells:

 Spells                   Type           Power      Damage    Failure   Level
 Magic Dart               Conj           44%        1d5       34%         1
 Searing Ray              Conj           22%        2d5       45%         2
 Foxfire                  Conj/Fire      24%        2x1d5     52%         1
 Shock                    Conj/Air       24%        1d4       52%         1
 Mercury Vapours          Alch/Air       14%        N/A       63%         2
 Momentum Strike          Conj/Tloc      12%        3d8       65%         2
 Static Discharge         Conj/Air       12%        3-4/arc   65%         2
 Apportation              Tloc           2%         N/A       71%         1
 Freeze                   Ice            4%         1d3       71%         1
 Necrotise                Necr           4%         1d4       71%         1
 Summon Small Mammal      Summ           4%         N/A       71%         1
 Mephitic Cloud           Conj/Alch/Air  8%         N/A       80%         3
 Call Imp                 Summ           2%         N/A       83%         2
 Ensorcelled Hibernation  Hex/Ice        2%         N/A       83%         2
 Jinxbite                 Hex            2%         N/A       83%         2
 Lesser Beckoning         Tloc           2%         N/A       83%         2
 Scorch                   Fire           2%         2d5       83%         2
 Dazzling Flash           Conj/Hex       12%        N/A       87%         3
 Hailstorm                Conj/Ice       6%         3d5       87%         3
 Olgreb's Toxic Radiance  Alch           12%        N/A       96%         4
 Frozen Ramparts          Ice            2%         1d1       97%         3
 Fugue of the Fallen      Necr           1%         N/A       97%         3
 Inner Flame              Hex/Fire       1%         N/A       97%         3
 Passwall                 Erth           1%         N/A       97%         3
 Summon Ice Beast         Ice/Summ       1%         N/A       97%         3
 Volatile Blastmotes      Fire/Tloc      2%         2d10      97%         3
 Fulminant Prism          Conj/Alch      6%         3d7       97%         4
 Brom's Barrelling Bould  Conj/Erth      6%         2d3       99%         4
 Flame Wave               Conj/Fire      6%         2d5       99%         4
 Iskenderun's Mystic Bla  Conj/Tloc      6%         2d4       99%         4
 Leda's Liquefaction      Alch/Erth      3%         N/A       99%         4
 Petrify                  Alch/Erth      7%         N/A       99%         4
 Sticky Flame             Fire/Alch      7%         2d4       99%         4
 Airstrike                Air            0%         2d(1-17)  100%        4
 Anguish                  Hex/Necr       0%         N/A       100%        4
 Animate Armour           Summ/Erth      2%         N/A       100%        4
 Animate Dead             Necr           1%         N/A       100%        4
 Cause Fear               Hex            0%         N/A       100%        4
 Passage of Golubria      Tloc           1%         N/A       100%        4
 Summon Lightning Spire   Summ/Air       1%         N/A       100%        4
 Alistair's Intoxication  Alch           8%         N/A       100%        5
 Borgnjor's Vile Clutch   Necr/Erth      0%         N/A       100%        5
 Fireball                 Conj/Fire      3%         3d4       100%        5
 Freezing Cloud           Conj/Ice/Air   2%         6-21      100%        5
 Iskenderun's Battlesphe  Conj           11%        2d7       100%        5
 Lee's Rapid Deconstruct  Erth           0%         3d4*      100%        5
 Metabolic Englaciation   Hex/Ice        0%         N/A       100%        5
 Silence                  Hex/Air        0%         N/A       100%        5
 Summon Forest            Summ/Tloc      0%         N/A       100%        5
 Yara's Violent Unravell  Hex/Alch       3%         3d4       100%        5
 Bombard                  Conj/Erth      3%         9d1       100%        6
 Conjure Ball Lightning   Conj/Air       3%         3x3d6     100%        6
 Eringya's Noxious Bog    Alch           6%         4d6       100%        6
 Plasma Beam              Fire/Air       0%         2x1d10    100%        6
 Sculpt Simulacrum        Ice/Alch       3%         N/A       100%        6
 Starburst                Conj/Fire      3%         6d3       100%        6
 Summon Cactus Giant      Summ           0%         N/A       100%        6
 Enfeeble                 Hex            0%         N/A       100%        7
 Haunt                    Necr/Summ      0%         N/A       100%        7
 Orb of Destruction       Conj           5%         9d5       100%        7
 Ozocubu's Refrigeration  Ice            0%         4d7       100%        7
 Spellforged Servitor     Conj/Summ      3%         N/A       100%        7
 Summon Hydra             Summ           0%         N/A       100%        7
 Discord                  Hex            0%         N/A       100%        8
 Infestation              Necr           0%         N/A       100%        8
 Lehudib's Crystal Spear  Conj/Erth      3%         10d2      100%        8
 Chain Lightning          Conj/Air       3%         3d4       100%        9
 Dragon's Call            Summ           0%         N/A       100%        9
 Fire Storm               Conj/Fire      3%         8d1       100%        9
 Shatter                  Erth           0%         3d5*      100%        9
 Blink                    Tloc           Unusable   N/A       N/A         2
 Swiftness                Air            Unusable   N/A       N/A         3

Dungeon Overview and Level Annotations

Branches:
Dungeon (15/15)            Temple (1/1) D:6            Lair (5/5) D:9
  Swamp (4/4) Lair:2       Spider (4/4) Lair:3        Slime (0/5) Lair:4
    Orc (2/2) D:12            Elf (3/3) Orc:2        Vaults (5/5) D:13
  Crypt (3/3) Vaults:2       Tomb (0/3) Crypt:3      Depths (4/4) D:15
    Zot (0/5) Depths:4      Sewer (visited)         Volcano (visited)

Altars:
Ashenzari
Cheibriados
Dithmenos
Elyvilon
Fedhas
Gozag
Hepliaklqana
Kikubaaqudgha
Makhleb
Nemelex Xobeh
Okawaru
Qazlal
Ru
Sif Muna
Trog
Uskayaw
Vehumet
Wu Jian
Xom
Yredelemnul
Zin
The Shining One
Beogh
Jiyva

Shops:
D:1 *   D:6 *   D:9 *   D:12 !   Orc:1 [   Orc:2 *(:[   Elf:1 (   Vaults:2 =*
Vaults:3 ?   Depths:3 ?   Depths:4 *

Portals:
Hell: Lair:5 Depths:2 Depths:3 Depths:4
Abyss: Depths:3 Depths:4
Pandemonium: Depths:2 Depths:3
Ziggurat: Depths:2

Annotations:
D:10 3 runed translucent doors, croobank's ghost, journeyman FeSu
Crypt:2 exclusion: obsidian statue
Depths:1 3 exclusions


Innate Abilities, Weirdness & Mutations

You cannot be hasted, slowed, berserked, paralysed or teleported.
You can dig through walls and to a lower floor.
You have a pair of large antennae on your head. (SInv)
Your four strong arms can wield two-handed weapons with a shield.
You possess an exceptional clarity of mind.
Your magical capacity is low. (-10% MP)


Message History

The bolt of acid hits the titan!!
The acid corrodes the titan!
The titan is moderately wounded.
Unknown command.
Unknown command.
Aiming: Corrosive Bolt
Press: ? - help, Shift-Dir - straight line, f/p - titan
Aim: a titan (moderately wounded, covered in acid, 98% to hit)
The bolt of acid hits the orc knight!!
You kill the orc knight!
The bolt of acid hits the titan!!!
The titan is severely wounded.
The bolt of acid hits the titan!!
The titan seems to be corroded for longer.
The titan is moderately wounded.
The bolt of acid hits the frost giant!!
The acid corrodes the frost giant!
The frost giant is moderately wounded.
The titan waves its arms in wide circles.
The air twists around and strikes you.
* * * LOW HITPOINT WARNING * * *
The titan waves its arms in wide circles.
The air twists around and strikes you!
* * * LOW HITPOINT WARNING * * *
Unknown command.
Unknown command.
Unknown command.
Unknown command.
Aiming: Corrosive Bolt
Press: ? - help, Shift-Dir - straight line, f/p - titan
Aim: a titan (moderately wounded, covered in acid, 98% to hit)
The bolt of acid hits the vault guard!!
The acid corrodes the vault guard!
You kill the vault guard!
The bolt of acid hits the titan!!
The titan is almost dead.
The bolt of acid hits the titan!!
The titan seems to be corroded for longer.
The titan is severely wounded.
The titan casts a spell at you.
The bolt of lightning misses the titan.
The bolt of lightning hits you!!!
You die...
Your body falls in perfect tune with the rhythm.

#....# , . #....##
.. ..# ##.....##.o.
...###..........#
..........)....#
......)C{{###
......)HO##$##
.....☼pC)C$/$#...
.....{{{.##@##..#
...uu..{{{###..#
...uu..........##
...###†.........##
.. #.##.(...##...#
.# .{ |(!+....##
#..#..# #
##....####..#..# #
#.....)##...#..#
......##$)))...#..#


You could see 2 titans, a frost giant (corroded), a sphinx, a vault guard and an
ogre mage (corroded).

Vanquished Creatures
  A dread lich (Vaults:5)
  2 ancient liches
  Mennas (Vaults:5)
  2 juggernauts (Depths:4)
  A golden dragon (Vaults:5)
  The ghost of Pimiptod the Executioner, an adept MiFi of the Shining One (Crypt:1)
  2 bone dragons (Crypt:3)
  3 doom hounds (Depths:3)
  Zenata (Vaults:3)
  Rupert (D:13)
  4 tentacled monstrosities
  A shard shrike skeleton (Crypt:2)
  5 liches
  3 deep elf blademasters
  A quicksilver dragon (Vaults:5)
  Grunn (Depths:3)
  6 titans
  2 deep elf master archers (Elf:3)
  A walking frostbound tome (Depths:3)
  9 ancient champions
  5 sphinxes
  Agnes (Elf:2)
  Gastronok (Lair:3)
  3 shadow dragons
  10 tengu reavers
  3 thorn hunters (Swamp:4)
  Donald (Spider:3)
  2 storm dragons
  The ghost of Azoth the Cruncher, an adept DsGl of Qazlal (Swamp:4)
  Aizul (Swamp:4)
  Roxanne (Swamp:4)
  5 fenstrider witches
  3 draconian knights (Depths:4)
  5 revenants
  12 deep elf sorcerers
  4 emperor scorpions
  9 fire giants
  Louise (Elf:2)
  4 deep elf elementalists
  6 vault wardens
  5 iron dragons
  A curse skull (Crypt:3)
  A caustic shrike zombie (Crypt:3)
  7 ghouls
  12 frost giants
  7 ghost moths
  3 orc warlords
  19 ironbound preservers
  3 hydra skeletons (Swamp:4)
  A broodmother (shapeshifter) (Vaults:5)
  5 broodmothers
  4 ironbound thunderhulks
  2 reapers (Depths:3)
  A formless jellyfish (Vaults:1)
  21 very ugly things
  17 stone giants
  A putrid mouth (Depths:3)
  Nessos (D:13)
  6 eleionomae
  2 elemental wellsprings (Depths:3)
  7 dire elephants
  2 bunyips
  7 vampire knights
  5 deep elf demonologists
  11 deep elf death magi
  6 war gargoyles
  2 white draconians (Depths:4)
  A black draconian (Depths:4)
  10 deep elf annihilators
  Snorg (D:10)
  7 red draconians (Depths:4)
  An eidolon (Crypt:2)
  6 spark wasps
  6 ettins
  A crystal guardian (Vaults:1)
  6 entropy weavers
  6 jiangshi (Crypt:3)
  8 fire dragons
  11 deep elf high priests
  A shambling mangrove (Swamp:3)
  34 vault guards
  15 yaktaur captains
  5 great orbs of eyes
  Harold (D:9)
  2 salamander tyrants (Depths:3)
  3 ghost crabs
  A hell beast (Depths:3)
  3 jorogumos
  2 ogre magi
  12 hydras
  3 ice dragons
  3 spriggan air magi
  4 rakshasas
  6 peacekeepers
  A catoblepas (Lair:5)
  6 boulder beetles
  A merfolk aquamancer (Depths:3)
  6 radroaches
  4 spriggan skeletons
  11 alligators
  22 dancing weapons
  12 centaur warriors
  3 death knights (Crypt:1)
  3 ironbound frosthearts
  11 two-headed ogres
  A fenstrider witch skeleton (Crypt:1)
  8 death yaks (Lair:4)
  A hell hog (Volcano)
  5 deep troll earth magi
  An azure jelly zombie (Crypt:1)
  3 deep troll shamans
  12 demonic crawlers
  6 spriggan berserkers
  2 occultists
  8 vampire magi
  3 orc high priests
  5 tengu warriors
  7 hell knights (Depths:4)
  5 soul eaters
  6 shadow wraiths
  Urug (D:13)
  2 sun demons
  A storm dragon zombie (D:15)
  Amaemon (Lair:2)
  Sonja (D:10)
  Nergalle (Orc:2)
  A fire crab (Volcano)
  3 iron trolls
  13 deep elf knights
  A salamander mystic (Depths:1)
  A skyshark (Lair:4)
  23 skeletal warriors
  A spark wasp zombie (D:15)
  A death drake (Swamp:3)
  3 wretched stars (Abyss:4)
  A goliath frog (Swamp:2)
  A sixfirhy (Abyss:4)
  5 pharaoh ants
  An iron giant zombie (Crypt:2)
  3 glowing orange brains
  60 deep trolls
  7 spriggan druids
  A shining eye (shapeshifter) (Elf:1)
  17 orb spiders
  8 arcanists
  5 deep elf archers
  4 flayed ghosts
  A death drake (shapeshifter) (Vaults:5)
  7 steelbarb worms
  8 lindwurms
  8 swamp dragons
  7 bog bodies
  13 ironbound convokers
  2 sun moths
  An orb spider (shapeshifter) (Elf:1)
  27 deep elf pyromancers
  9 phantasmal warriors
  7 necromancers
  A bunyip skeleton (Crypt:1)
  An alligator zombie (Crypt:2)
  A goliath frog zombie (Crypt:3)
  27 deep elf zephyrmancers
  4 orc sorcerers
  37 ugly things
  6 oklob plants
  12 orc knights
  28 wolf spiders
  5 will-o-the-wisps
  4 manticores
  10 salamanders
  A meliai (shapeshifter) (D:14)
  2 moths of wrath
  6 cyclopes
  19 vault sentinels
  A black mamba (Lair:5)
  4 elephants (Lair:1)
  10 torpor snails
  A kobold blastminer (Orc:1)
  4 smoke demons
  A stone giant skeleton (Crypt:2)
  2 black mambas (shapeshifter) (Elf:1)
  2 gargoyles
  A cane toad (shapeshifter) (Elf:1)
  12 cane toads
  2 centaur skeletons
  2 large abominations (Abyss:4)
  An orange demon (Lair:2)
  An elephant slug zombie (Crypt:1)
  A minotaur zombie (Crypt:2)
  An alligator snapping turtle skeleton (Crypt:1)
  An unseen horror zombie (Crypt:2)
  6 freezing wraiths
  15 komodo dragons
  2 dryads (Depths:3)
  6 ice devils (Lair:5)
  Maggie (D:6)
  2 kobold demonologists (D:12)
  5 rime drakes
  Psyche (D:10)
  A tormentor (Depths:3)
  A tengu conjurer (D:14)
  7 yaktaurs (Vaults:1)
  An ancient zyme (Abyss:4)
  A merfolk (Depths:3)
  2 harpy zombies
  5 guardian mummies
  A queen bee (Spider:4)
  A hydra zombie (Crypt:2)
  A hellwing (Lair:5)
  A queen bee (shapeshifter) (Elf:1)
  7 trolls
  2 polar bears
  A spectral elephant (Lair:2)
  7 tyrant leeches
  34 tarantellas
  3 glass eyes
  14 blink frogs
  A harpy skeleton (Crypt:1)
  A snapping turtle (shapeshifter) (Elf:1)
  A glass eye (shapeshifter) (Elf:1)
  13 hornets
  A spriggan zombie (D:15)
  A dream sheep (shapeshifter) (Vaults:5)
  28 jumping spiders
  A slime creature (shapeshifter) (D:10)
  18 culicivoras
  18 slime creatures
  3 centaur simulacra
  8 vampires
  11 spriggans
  3 fire elementals (Elf:1)
  4 shadows
  9 wraiths
  2 wyverns
  5 fire bats
  59 yaks
  9 basilisks
  2 steam dragons
  2 wargs
  3 water elementals
  A neqoxec (Abyss:4)
  A wind drake skeleton (Crypt:1)
  16 vampire mosquitoes
  64 redbacks
  A harpy simulacrum (Crypt:3)
  5 small abominations
  3 acid dragons
  10 swamp worms
  5 hydra simulacra (Swamp:4)
  16 water moccasins
  5 hell hounds
  28 orc warriors
  5 swamp drakes (Swamp:4)
  An elephant zombie (Crypt:1)
  An ice beast (D:8)
  A sky beast (D:8)
  A lindwurm zombie (Crypt:1)
  An ogre (shapeshifter) (Elf:1)
  17 ogres
  5 boggarts (Vaults:4)
  2 swamp dragon skeletons
  17 wolves
  22 laughing skulls
  12 centaurs
  An elephant skeleton (Crypt:1)
  A hog skeleton (Crypt:3)
  5 kobold brigands
  A brain worm (D:4)
  Blork the orc (D:6)
  2 gnoll sergeants
  19 bullfrogs
  A scorpion (D:4)
  4 earth elementals
  A spectral water moccasin (Lair:2)
  A demonspawn simulacrum (Crypt:1)
  8 killer bees
  A queen bee zombie (Crypt:2)
  2 electric eels
  A troll skeleton (Crypt:2)
  A wolf zombie (Crypt:1)
  14 howler monkeys
  6 hounds
  3 bombardier beetles
  A gnoll bouda (D:5)
  25 orc priests
  3 human zombies (Crypt:1)
  A jelly (D:5)
  4 iguanas
  A human skeleton (Crypt:1)
  2 sleepcaps
  15 orc wizards
  11 hell rats
  A hound zombie (Crypt:3)
  5 mummies (Crypt:1)
  2 howler monkey zombies (D:9)
  23 gnolls
  14 adders
  6 swamp drake zombies (Swamp:4)
  2 swamp drake skeletons (Swamp:4)
  7 white imps
  3 ufetubi (D:7)
  An adder skeleton (Crypt:3)
  7 dart slugs (Sewer)
  4 ribbon worms
  90 orcs
  11 ball pythons
  2 endoplasms
  14 giant cockroaches
  5 goblins
  13 hobgoblins
  8 jackals
  7 quokkas
  6 bats
  A bombardier beetle zombie (Crypt:1)
  13 frilled lizards
  13 kobolds
  An orc skeleton (Crypt:1)
  7 rats
  A butterfly (D:6)
  A spectral weapon (Vaults:5)
2040 creatures vanquished.

Vanquished Creatures (collateral kills)
  A shadow dragon (Vaults:5)
  A phantasmal warrior (Vaults:5)
2 creatures vanquished.

Vanquished Creatures (others)
  A fenstrider witch (Swamp:3)
  An elemental wellspring (Depths:3)
  A bunyip (Swamp:4)
  An alligator (Swamp:1)
  A bloated husk (Swamp:3)
  A redback (Spider:4)
  18 foxfires
  13 spectral weapons
37 creatures vanquished.

Grand Total: 2079 creatures vanquished

Notes
Turn   | Place    | Note
-------+----------+-------------------------------------------
     0 | D:1      | jestert79 the Formicid Reaver began the quest for the Orb.
     0 | D:1      | Reached XP level 1. HP: 16/16 MP: 3/3
    57 | D:1      | Reached XP level 2. HP: 13/22 MP: 5/5
   286 | D:1      | Found Fohinem's Assorted Antiques.
   329 | D:1      | Reached XP level 3. HP: 27/27 MP: 6/6
   331 | D:1      | Learned a level 1 spell: Sting
   446 | D:1      | Reached skill level 1 in Alchemy
   675 | D:1      | Reached XP level 4. HP: 33/33 MP: 7/7
   954 | D:2      | Found a faded altar of an unknown god.
  1346 | D:2      | Identified the ring of Ocsergh {Fire rElec rCorr Int+3}
  1364 | D:2      | Reached XP level 5. HP: 38/38 MP: 6/8
  1539 | D:2      | Reached skill level 5 in Maces & Flails
  2173 | D:3      | Reached XP level 6. HP: 24/44 MP: 4/9
  2655 | D:4      | Identified the +7 hand axe of Gogariz {drain, rN+ Int+5}
  2793 | D:4      | Found a bloodstained altar of Trog.
  2827 | D:4      | Reached skill level 2 in Axes
  3030 | D:4      | Reached skill level 3 in Axes
  3073 | D:4      | Reached XP level 7. HP: 45/50 MP: 8/10
  3141 | D:5      | Entered Level 5 of the Dungeon
  3161 | D:5      | Reached skill level 4 in Axes
  3335 | D:5      | Reached skill level 5 in Axes
  3591 | D:5      | Reached XP level 8. HP: 56/56 MP: 5/11
  3958 | D:5      | Reached skill level 6 in Axes
  4049 | D:5      | Identified the +0 dagger "Cosaxzun" {spect, Will+}
  4249 | D:5      | Reached skill level 7 in Axes
  5004 | D:6      | Reached skill level 8 in Axes
  5025 | D:6      | Noticed Maggie
  5035 | D:6      | Killed Maggie
  5036 | D:6      | Reached XP level 9. HP: 50/64 MP: 12/12
  5046 | D:6      | Found a glowing drain.
  5103 | Sewer    | Entered a sewer
  5506 | D:6      | Reached skill level 9 in Axes
  5546 | D:6      | Found Lybbumiv's General Store.
  5549 | D:6      | Bought a scroll of noise for 12 gold pieces
  5593 | D:6      | Found a burning altar of Makhleb.
  5625 | D:6      | Found a shimmering altar of Xom.
  5632 | D:6      | Found an iron altar of Okawaru.
  5632 | D:6      | Found a radiant altar of Vehumet.
  5633 | D:6      | Found a glowing golden altar of the Shining One.
  5637 | D:6      | Found a shadowy altar of Dithmenos.
  5638 | D:6      | Found a snail-covered altar of Cheibriados.
  5670 | D:6      | Noticed Blork the orc
  5677 | D:6      | Killed Blork the orc
  6034 | D:6      | Found a staircase to the Ecumenical Temple.
  6043 | Temple   | Entered the Ecumenical Temple
  6053 | Temple   | Became a worshipper of Uskayaw the Reveller
  6125 | D:7      | Reached * piety under Uskayaw
  6129 | D:7      | Reached ** piety under Uskayaw
  6132 | D:7      | Reached *** piety under Uskayaw
  6395 | D:7      | Reached skill level 5 in Fighting
  6705 | D:7      | Reached skill level 10 in Axes
  6749 | D:7      | Found an ornate altar of the Wu Jian Council.
  7097 | D:7      | Found a hazy altar of Hepliaklqana.
  7458 | D:8      | Reached XP level 10. HP: 62/76 MP: 13/13
  7636 | D:8      | Found a sparkling altar of Nemelex Xobeh.
  7798 | D:8      | Reached skill level 11 in Axes
  7803 | D:8      | Reached **** piety under Uskayaw
  7805 | D:8      | Reached ***** piety under Uskayaw
  7876 | D:8      | Found a white marble altar of Elyvilon.
  8570 | D:9      | Noticed Harold
  8583 | D:9      | Killed Harold
  8584 | D:9      | Reached skill level 12 in Axes
  8784 | D:9      | Reached skill level 1 in Shields
  8893 | D:9      | Reached XP level 11. HP: 86/86 MP: 10/14
  9011 | D:9      | Found a staircase to the Lair.
  9068 | D:9      | Reached skill level 5 in Shields
  9090 | D:9      | Found Zin's Purification Station.
  9090 | D:9      | Found a glowing silver altar of Zin.
  9156 | D:9      | Reached skill level 13 in Axes
  9560 | D:9      | Found a basalt altar of Yredelemnul.
  9604 | D:10     | Entered Level 10 of the Dungeon
  9866 | D:10     | Noticed Snorg
  9876 | D:10     | Killed Snorg
  9884 | D:10     | Noticed Psyche
  9977 | D:10     | Killed Psyche
 10007 | D:10     | Noticed Sonja
 10154 | D:9      | Upgraded the game from 0.32-a0-350-g4f4d228785 to
                  | 0.32-a0-361-g289a535e89
 10161 | D:10     | Found a runed translucent gate.
 10161 | D:10     | Found a runed translucent gate.
 10161 | D:10     | Noticed a red ugly thing
 10162 | D:10     | Found a runed translucent gate.
 10162 | D:10     | Noticed a red ugly thing
 10382 | D:10     | Killed Sonja
 10429 | D:10     | Noticed a red ugly thing
 10429 | D:10     | Noticed a brown ugly thing
 10429 | D:10     | Noticed a white ugly thing
 10433 | D:10     | a swamp worm changed into an entropy weaver
 10433 | D:10     | Noticed an entropy weaver (glowing shapeshifter)
 10661 | D:11     | Reached XP level 12. HP: 71/97 MP: 15/15
 10666 | D:11     | Reached skill level 14 in Axes
 11147 | D:11     | Reached skill level 1 in Armour
 11417 | D:11     | Found a frozen archway.
 11423 | D:11     | Reached skill level 10 in Fighting
 11841 | D:11     | Noticed a boulder beetle
 11851 | D:11     | Killed a boulder beetle
 12144 | D:11     | Noticed a boulder beetle
 12159 | D:11     | Killed a boulder beetle
 12387 | D:12     | Noticed a skeletal warrior
 12509 | Lair:1   | Entered Level 1 of the Lair of Beasts
 12897 | Lair:1   | Reached skill level 5 in Armour
 13054 | Lair:1   | Reached skill level 15 in Axes
 13546 | Lair:1   | Reached XP level 13. HP: 106/106 MP: 16/16
 13634 | Lair:1   | Identified the +10 ring mail "Dolidyikh" {rC- rN+++ Str+6
                  | Dex+6}
 14012 | Lair:2   | Noticed Amaemon
 14293 | Lair:2   | Identified the +5 leather armour "Pucis" {rN+}
 14436 | Lair:2   | Killed Amaemon
 14543 | Lair:2   | Reached skill level 16 in Axes
 14554 | Lair:2   | Reached ****** piety under Uskayaw
 14565 | Lair:2   | Noticed a four-headed hydra
 15095 | Lair:2   | Noticed a ghost crab
 15137 | Lair:2   | Found a staircase to the Swamp.
 15139 | Lair:2   | Killed a ghost crab
 15362 | Lair:2   | Killed a four-headed hydra
 16519 | Lair:3   | Noticed Gastronok
 16548 | Lair:3   | Killed Gastronok
 16549 | Lair:3   | Reached skill level 1 in Throwing
 16585 | Lair:3   | Found a hole to the Spider Nest.
 16885 | Lair:4   | Found a viscous altar of Jiyva.
 16885 | Lair:4   | Found a staircase to the Slime Pits.
 17281 | Lair:4   | Reached XP level 14. HP: 116/116 MP: 17/17
 17444 | Lair:4   | Identified the +1 ring mail "Ufuom" {+Inv rF- Will+++ SInv}
 17924 | Lair:4   | Identified a scroll of acquirement
 17924 | Lair:4   | Acquired the +0 pair of fencer's gloves {Riposte Dex+3}
 17924 | Lair:4   | Found the +0 pair of fencer's gloves {Riposte Dex+3}
 17931 | Lair:5   | Entered Level 5 of the Lair of Beasts
 17979 | Lair:5   | Reached skill level 17 in Axes
 18011 | Lair:5   | Found a dark tunnel.
 18023 | Volcano  | Entered a volcano
 18211 | Volcano  | Reached skill level 5 in Throwing
 18214 | Volcano  | Identified the +1 fire dragon scales of the Other World
                  | {rF++ rC- Int+3}
 18695 | Lair:5   | Reached skill level 10 in Armour
 18907 | Lair:5   | Reached XP level 15. HP: 125/125 MP: 18/18
 19145 | Lair:5   | Found a sparkling altar of Nemelex Xobeh.
 19433 | Lair:5   | Found a burning altar of Makhleb.
 19594 | Lair:5   | Found a gateway to Hell.
 19606 | Lair:5   | Identified the -2 cloak of Gallantry {rPois Will+ SInv}
 20189 | D:12     | Found Dostrilas's Distillery.
 20196 | D:12     | Bought a potion of might for 56 gold pieces
 20196 | D:12     | Bought a potion of heal wounds for 70 gold pieces
 20196 | D:12     | Bought a potion of degeneration for 14 gold pieces
 20196 | D:12     | Bought a potion of enlightenment for 70 gold pieces
 20196 | D:12     | Bought a potion of enlightenment for 70 gold pieces
 20196 | D:12     | Bought a potion of cancellation for 112 gold pieces
 20589 | D:12     | Reached skill level 18 in Axes
 20745 | D:12     | Got the Quarto of Gelid Bad Luck
 20948 | D:12     | Found a staircase to the Orcish Mines.
 21336 | D:1      | Bought a fuming yellow potion for 22 gold pieces
 21336 | D:1      | Bought a scroll labelled MOOVVU SITZUQOPP for 25 gold
                  | pieces
 21336 | D:1      | Bought a glowing glass ring for 125 gold pieces
 21336 | D:1      | Bought a fuming yellow potion for 22 gold pieces
 21464 | D:6      | Bought a lightning rod (4/4) for 480 gold pieces
 21617 | Orc:1    | Entered Level 1 of the Orcish Mines
 21899 | Orc:1    | Reached skill level 1 in Evocations
 22041 | Orc:1    | Found a roughly hewn altar of Beogh.
 22226 | Orc:2    | Entered Level 2 of the Orcish Mines
 22365 | Orc:1    | Found Fuleinink's Armour Boutique.
 22373 | Orc:1    | Bought a +0 kite shield for 58 gold pieces
 22478 | Orc:2    | Found a roughly hewn altar of Beogh.
 22608 | Orc:2    | Reached XP level 16. HP: 79/134 MP: 19/19
 22667 | Orc:2    | Noticed Nergalle
 22675 | Orc:2    | Killed Nergalle
 22868 | Orc:2    | Found a staircase to the Elven Halls.
 23173 | Orc:2    | Found a roughly hewn altar of Beogh.
 23205 | Orc:2    | Found Temosoje's General Store.
 23214 | Orc:2    | Found Letiyrua's Antique Weapon Shoppe.
 23217 | Orc:2    | Found Puicuepn's Book Shoppe.
 23234 | Orc:2    | Found Poefy's Antique Armour Shoppe.
 23273 | Orc:2    | Bought a scroll of vulnerability for 48 gold pieces
 23305 | Orc:2    | Bought a +9 plate armour of ponderousness for 540 gold
                  | pieces
 23620 | Orc:2    | Bought a scroll of identify for 24 gold pieces
 23766 | D:13     | Found a gate to the Vaults.
 23805 | D:13     | Noticed Urug
 23825 | D:13     | Killed Urug
 23843 | D:13     | Noticed Rupert
 23853 | D:13     | Killed Rupert
 23854 | D:13     | Reached skill level 19 in Axes
 24123 | D:13     | Noticed Nessos
 24127 | D:13     | Killed Nessos
 24581 | D:14     | Reached skill level 10 in Shields
 24671 | D:14     | Identified the ring "Himacw" {rPois Slay+4}
 25042 | D:15     | Entered Level 15 of the Dungeon
 25298 | D:15     | Reached XP level 17. HP: 140/140 MP: 20/20
 25454 | D:15     | Found a staircase to the Depths.
 25622 | D:15     | Reached skill level 15 in Fighting
 26120 | Spider:1 | Entered Level 1 of the Spider Nest
 26131 | Spider:1 | Reached skill level 1 in Invocations
 27425 | Spider:2 | Reached skill level 5 in Evocations
 27526 | Spider:2 | Reached skill level 5 in Invocations
 27678 | Spider:2 | Reached XP level 18. HP: 142/143 MP: 21/21
 28034 | Spider:3 | Noticed Donald
 28046 | Spider:3 | Killed Donald
 28329 | Spider:3 | Reached skill level 15 in Shields
 29502 | Spider:4 | Entered Level 4 of the Spider Nest
 30484 | Spider:4 | Reached XP level 19. HP: 63/159 MP: 24/24
 30996 | Spider:4 | Found the +2 hood of the Assassin {Detect Stab+ Stlth++}
 31042 | Spider:4 | Got a gossamer rune of Zot
 31356 | Swamp:1  | Entered Level 1 of the Swamp
 32120 | Swamp:2  | Identified the +1 trident of Integrity {drain, +Blink
                  | Str+2}
 32177 | Swamp:2  | Noticed a tentacled monstrosity
 32196 | Swamp:2  | Killed a tentacled monstrosity
 32988 | Swamp:3  | Found a runed translucent door.
 33597 | Swamp:4  | Entered Level 4 of the Swamp
 33617 | Swamp:4  | Noticed Roxanne
 33618 | Swamp:4  | Identified the serpent talisman of Distant Shores {*Slow
                  | rC++ rN+}
 33618 | Swamp:4  | Noticed Aizul
 33726 | Swamp:4  | Found a runed translucent gate.
 33726 | Swamp:4  | Found a runed translucent gate.
 33726 | Swamp:4  | Found a runed translucent gate.
 33743 | Swamp:4  | Noticed Azoth's ghost (adept DsGl)
 33744 | Swamp:4  | Noticed a tentacled monstrosity
 33887 | Swamp:4  | Reached skill level 15 in Armour
 33933 | Swamp:4  | Reached XP level 20. HP: 79/168 MP: 25/25
 34185 | Swamp:4  | Killed Aizul
 34596 | Swamp:4  | Found a basalt altar of Yredelemnul.
 34608 | Swamp:4  | Got a decaying rune of Zot
 34649 | Swamp:4  | Found a blossoming altar of Fedhas.
 34865 | Swamp:4  | Killed Roxanne
 35450 | Vaults:1 | Entered Level 1 of the Vaults
 35736 | Vaults:1 | Found a flickering gateway to a bazaar.
 35742 | Bazaar   | Entered a bazaar
 35768 | Bazaar   | Found Boffohao's Weapon Boutique.
 35841 | Bazaar   | Found Tiseqitz's Antique Armour Boutique.
 35868 | Bazaar   | Found Hirhair's Weapon Emporium.
 35907 | Bazaar   | Found Qysoiwk's Jewellery Shoppe.
 35912 | Bazaar   | Bought a ring of willpower for 350 gold pieces
 35945 | Bazaar   | Found Uczizxics's Jewellery Emporium.
 35950 | Bazaar   | Bought the ring "Nuru" {*Slow Fly rPois rCorr Stlth+} for
                  | 189 gold pieces
 36084 | Vaults:1 | Reached skill level 10 in Evocations
 37266 | Vaults:2 | Found Askaewk's Jewellery Emporium.
 37288 | Vaults:2 | Bought a ring of protection from cold for 525 gold pieces
 37588 | Vaults:2 | Found a staircase to the Crypt.
 37632 | Vaults:2 | Reached XP level 21. HP: 175/178 MP: 26/26
 37809 | Vaults:2 | Found Tayr's General Store.
 38007 | Vaults:2 | Reached skill level 10 in Throwing
 38841 | Abyss:2  | Cast into level 2 of the Abyss (war gargoyle)
 38853 | Vaults:3 | Escaped the Abyss
 39425 | Vaults:3 | Noticed Zenata
 39438 | Vaults:3 | Killed Zenata
 39989 | Vaults:3 | Found Laesmazei's Magic Scroll Boutique.
 40436 | Vaults:4 | Upgraded the game from 0.32-a0-361-g289a535e89 to
                  | 0.32-a0-391-gce5c0aab1b
 41111 | Vaults:4 | Reached XP level 22. HP: 188/188 MP: 28/28
 41780 | Depths:1 | Entered Level 1 of the Depths
 42914 | D:10     | Reached skill level 10 in Invocations
 42917 | D:10     | Found a runed translucent gate.
 42917 | D:10     | Found a runed translucent gate.
 42921 | D:10     | Noticed croobank's ghost (journeyman FeSu)
 42923 | D:10     | Identified the +0 robe "Ihedd" {-Cast Rampage Regen+}
 42927 | D:10     | Found a runed translucent gate.
 43370 | Swamp:4  | Killed Azoth's ghost
 43765 | Depths:2 | Found a one-way gateway to a ziggurat.
 43810 | Depths:2 | Found a basalt altar of Yredelemnul.
 44172 | Depths:2 | Found a one-way gate leading to the halls of Pandemonium.
 44724 | Depths:2 | Identified the serpent talisman of Forking Paths {*Slow
                  | rCorr Str+4 Slay+3}
 44817 | Depths:2 | Identified the +2 morningstar "Ysiusise" {antimagic, rC++
                  | Dex+4}
 45785 | Elf:1    | Entered Level 1 of the Elven Halls
 45879 | Elf:1    | Reached XP level 23. HP: 180/195 MP: 31/31
 45929 | Elf:1    | Gained mutation: You possess an exceptional clarity of
                  | mind. [a shining eye]
 46360 | Elf:1    | Found a shimmering blue altar of Sif Muna.
 46367 | Elf:1    | Found Xugo's Weapon Shoppe.
 47095 | Elf:2    | Found a huge runed translucent gate.
 47095 | Elf:2    | Found a huge runed translucent gate.
 47095 | Elf:2    | Found a huge runed translucent gate.
 47095 | Elf:2    | Found a huge runed translucent gate.
 47096 | Elf:2    | Found a huge runed translucent gate.
 47128 | Elf:2    | Noticed Agnes
 47135 | Elf:2    | Killed Agnes
 47276 | Elf:2    | Noticed Louise
 47292 | Elf:2    | Killed Louise
 47580 | Abyss:4  | Cast into level 4 of the Abyss (+3 double sword of
                  | distortion)
 47582 | Abyss:4  | Found a corrupted altar of Lugonu.
 47637 | Abyss:4  | Gained mutation: Your magical capacity is low. (-10% MP) [a
                  | neqoxec]
 47738 | Abyss:4  | Noticed an ancient lich
 47746 | Abyss:4  | Killed an ancient lich
 47751 | Elf:2    | Escaped the Abyss
 48024 | Elf:2    | Identified the blade talisman "Gael" {rF+ Int+7}
 48153 | Elf:3    | Entered Level 3 of the Elven Halls
 48451 | Elf:3    | HP: 1/198 [burnt (18)]
 49177 | Elf:3    | Identified the +0 ring mail of Gathona {-Tele Rampage rC+
                  | rN+}
 49244 | Elf:3    | Reached XP level 24. HP: 206/206 MP: 29/29
 49530 | Elf:3    | Identified the +1 leather armour "Qujaw" {+Blink rElec}
 49685 | Elf:3    | Identified the +6 great sword of Doubt {distort, *Noise
                  | rElec Stlth+}
 50340 | Depths:3 | Reached skill level 20 in Axes
 50353 | Depths:3 | Found Hiuqaaha's Magic Scroll Shop.
 50644 | Depths:3 | Noticed Grunn
 50670 | Depths:3 | Killed Grunn
 51191 | Depths:3 | Found a one-way gate to the infinite horrors of the Abyss.
 51558 | Depths:4 | Entered Level 4 of the Depths
 51732 | Depths:4 | Noticed a juggernaut
 51742 | Depths:4 | Killed a juggernaut
 51814 | Depths:4 | Found a broken altar of Ashenzari.
 51888 | Depths:4 | Reached skill level 21 in Axes
 52085 | Depths:4 | Found Bogoklae's Assorted Antiques.
 52237 | Depths:4 | Noticed a juggernaut
 52250 | Depths:4 | Killed a juggernaut
 52990 | Depths:4 | Reached XP level 25. HP: 192/213 MP: 29/29
 53024 | Depths:4 | Reached skill level 22 in Axes
 53242 | Depths:4 | Found a gate to the Realm of Zot.
 53625 | Depths:4 | Identified the +10 great sword of Dacuwiuq {freeze, rF+
                  | Int+7}
 53694 | Depths:4 | Found a faded altar of an unknown god.
 53704 | Depths:4 | Identified the +5 morningstar "Fuwn" {drain, rC- Will+
                  | Dex+9 Stlth-}
 54744 | Crypt:1  | Entered Level 1 of the Crypt
 55273 | Crypt:1  | Reached skill level 23 in Axes
 55554 | Crypt:1  | Found a runed translucent door.
 55554 | Crypt:1  | Noticed Pimiptod's ghost (adept MiFi)
 55878 | Crypt:1  | Killed Pimiptod's ghost
 56340 | Crypt:2  | Identified the +1 pair of gloves of Anarchy {rC+ rN+
                  | Will++}
 56937 | Crypt:3  | Entered Level 3 of the Crypt
 57370 | Crypt:3  | Found a staircase to the Tomb.
 58041 | Crypt:3  | Reached XP level 26. HP: 193/222 MP: 29/29
 58335 | Crypt:3  | Found a basalt altar of Yredelemnul.
 58339 | Crypt:3  | Found an ancient bone altar of Kikubaaqudgha.
 58376 | Crypt:3  | Identified the ring of Equivalence {rF+ Str+2 Int+3 Dex+2}
 58417 | Crypt:3  | Identified the staff of Focus {^Fragile rN+ Will++ Hexes
                  | Necro}
 58417 | Crypt:3  | Identified the death talisman of Lesser Demons {Str+3}
 58782 | Vaults:5 | Entered Level 5 of the Vaults
 58791 | Vaults:5 | Noticed an ancient lich
 58808 | Vaults:5 | Killed an ancient lich
 59274 | Vaults:5 | Noticed a dread lich
 59275 | Vaults:5 | Noticed Mennas
 59288 | Vaults:5 | Reached skill level 15 in Invocations
 59291 | Vaults:5 | Killed a dread lich
 59297 | Vaults:5 | Killed Mennas
 59321 | Vaults:5 | Reached XP level 27. HP: 37/231 MP: 30/30
 59332 | Vaults:5 | Killed from afar by a titan

Illustrated notes

Levels and vault maps discovered:
D:1:      dpeg_arrival_refuge, layout_loops_ring, serial_shops, shop
D:2:      layout_rooms, shapermc_ecumenical_altar_starsandcircs
D:3:      layout_rooms, minmay_quadrilaterals
D:4:      layout_basic, trog_antimagical
D:5:      layout_loops_corners, pf_guarded_unrand_woodcutter
D:6:      layout_basic, makhleb_heckhound_becter, minitemple,
          minmay_temple_entry_butterflies, serial_shops,
          nicolae_shop_just_a_little_nook,
          mainiacjoe_sewer_entry_somewhere_in_here_1, uniq_maggie,
          uniq_blork_the_orc
D:7:      layout_loops_corners, mainiacjoe_overflow_boulevard,
          nzn_hepliaklqana_mist_gate, roderic_roman_lattice, fountainhead,
          minmay_manual_mess
D:8:      layout_basic, nemelex_xobeh_ov_fountains_minmay,
          mainiacjoe_overflow_24_doors, feat_on_display
D:9:      layout_stronghold, zin_purify, lemuel_zombie_altar_yredelemnul,
          lair_entry_dummy, uniq_harold
D:10:     layout_cave_pools, ploomutoo_gammafunk_ghost_potion_laboratory,
          uniq_psyche, uniq_snorg, uniq_sonja
D:11:     layout_rooms, serial_ice, serial_ice_f, serial_ice_e, serial_ice_h,
          serial_ice_b, serial_ice_i, serial_ice_c, portal_ice_cave_rime,
          minmay_fractal_squares_gapless_5
D:12:     cheibrodos_hippocracy, layout_loops_ring, orc_0_dummy, serial_shops,
          shop
D:13:     layout_grid_maze, erik_vaults_2, uniq_nessos, uniq_rupert, uniq_urug
D:14:     layout_roguey
D:15:     gammafunk_depths_entry_grave, layout_irregular_city,
          chequers_serial_rivers_micro_b
Temple:   hellmonk_temple_flake
Lair:1:   layout_roguey, grunt_megastairs_1, infiniplex_staircase_pool_2,
          lemuel_fruit_tree
Lair:2:   layout_regular_city, nicolae_swamp_entry_spooky, st_stairs_3,
          uniq_amaemon
Lair:3:   layout_chaotic_city, nicolae_spider_entry_orb_guardian,
          grunt_megastairs_2, uniq_gastronok
Lair:4:   layout_gridlike, minmay_slime_entry_oklob_open, st_stairs_10,
          wad_woods_road_04, infiniplex_staircase_pool
Lair:5:   evil_forest, layout_gridlike, nicolae_volcano_entry_batcave,
          basic_altar, st_stairs_10, chequers_serial_rivers_micro_c
Swamp:1:  layout_falls_marsh, evilmike_swamp_ruin_rubble_1
Swamp:2:  layout_basic_swamp, evilmike_swamp_ruin_rubble_2
Swamp:3:  layout_basic_swamp, evilmike_swamp_ruin_house_4, swamp_pool_5,
          hangedman_swamp_pad, nzn_swamp_weyward_sisters
Swamp:4:  byrel_swamp_growth_death_and_undeath, layout_basic_swamp,
          gammafunk_ghost_split, uniq_roxanne, uniq_aizul
Spider:1: layout_spider_delve
Spider:2: layout_spider_delve
Spider:3: layout_chambers, uniq_donald
Spider:4: grunt_spider_rune_parallel
Orc:1:    layout_caves, serial_shops, shop_statue, minmay_orc_temple_c
Orc:2:    grunt_orc_cross, layout_diamond_mine, basic_altar
Elf:1:    layout_gridlike, basic_altar, serial_corexii_hall,
          corexii_hall_statues_t, corexii_hall_statues_t,
          nicolae_elf_shapeshifter_party, grunt_ministairs_6, minmay_shop_star
Elf:2:    elven_hall_of_blades_hangedman_alternative
          [nicolae_blade_entry_floor_patterns], layout_geoelf_diagonals,
          uniq_louise, uniq_agnes
Elf:3:    nooodl_elf_gasket, layout_rooms
Vaults:1: v_misc_12, dpeg_vaults_monster_box, nicolae_vaults_closet_pinwheel_6,
          nicolae_vaults_double_plus_1, nicolae_vaults_house_1,
          nicolae_vaults_wine_cellar, nicolae_vaults_little_squares_3,
          vaults_room_semicircle, v_alt_pattern_6, layout_vaults_quadrants,
          serial_shops, bzr_entry_safe
Vaults:2: minmay_crypt_entry_vampire_xt, nicolae_vaults_closet_pinwheel_2,
          vaults_room_corners, nicolae_vaults_storage_closets_2, v_misc_5,
          v_misc_27, nicolae_vaults_surprise_closet, nicolae_vaults_prndl,
          nicolae_vaults_little_squares_6, nicolae_vaults_tetromino_Z_2,
          grunt_vaults_focal, nicolae_vaults_double_plus_1,
          vaults_dpeg_encased_lava, vaults_room_hallway,
          layout_vaults_omnicross, serial_shops,
          nicolae_shop_tiny_statue_garden, shop
Vaults:3: v_pattern_1, vaults_dpeg_ring, nicolae_vaults_cornered_office,
          nicolae_vaults_oval_intersection, v_misc_24,
          ontoclasm_vaults_shuriken, nicolae_vaults_tangram_1,
          vaults_room_octagon, v_rooms_5,
          vaults_standard_mumra_enter_the_diamond, nicolae_vaults_what_the_h,
          ontoclasm_vaults_chip, nicolae_vaults_security_offices_2,
          nicolae_vaults_apartment_2, layout_vaults_ring, serial_shops,
          nicolae_shop_hallway_plus, uniq_zenata
Vaults:4: nicolae_vaults_puzzle_piece, vaults_room_grid,
          nicolae_vaults_closet_pinwheel_5, vaults_mumra_chevron_long,
          nicolae_vaults_wrenched, hangedman_vaults_hat,
          nicolae_vaults_apartment_2, vaults_standard_mumra_enter_the_diamond,
          v_pattern_4, layout_vaults_omnibox, uniq_margery
Vaults:5: uniq_mennas
Crypt:1:  layout_gridlike, gammafunk_ghost_grave,
          nicolae_crypts_crumbling_nooks, grunt_megastairs_5,
          grunt_crypt_arrival_guarded_gate
Crypt:2:  cheibrodos_crypt_eye_of_stone, layout_chaotic_city,
          nicolae_crypt_grave_offerings
Crypt:3:  lightli_unholy_cathedral, layout_chaotic_city,
          tomb_entry_simple_bobbens, amcnicky_mini_rare_corridor_liquid,
          st_small_mortuary
Depths:1: layout_cave_pools, grunt_decor_clamped, hellmouth_1,
          minmay_checkered_concentric_circles
Depths:2: minmay_the_grid_octo_2x2 [minmay_the_grid_octo_vomiting_pacman,
          minmay_the_grid_octo_empty, minmay_the_grid_octo_thin_diamonds,
          minmay_the_grid_octo_prize_big_c], layout_long_grid, enter_ziggurat_f,
          rand_demon_pan_entry_1, kennysheep_cluttered_room, hell_entry,
          lemuel_flamethrower_3, minmay_staircase_statues
Depths:3: nicolae_terramorphic_expanse [nicolae_terramorphic_quarter,
          nicolae_terramorphic_quarter, nicolae_terramorphic_quarter,
          nicolae_terramorphic_quarter, nicolae_terramorphic_quarter,
          nicolae_terramorphic_biome, nicolae_terramorphic_biome,
          nicolae_terramorphic_biome, nicolae_terramorphic_biome],
          layout_cave_shapes, hangedman_decor_points, serial_shops, shop,
          rand_demon_pan_entry_8, abyss_entry_crystal, hell_entry, uniq_grunn
Depths:4: regret_index_infernal_bastille, layout_gridville, hell_entry,
          abyss_entry, serial_shops, nicolae_shop_gibbet_a_chance,
          ashenzari_conservatory_becter

Skill      XL: |  1  2  3  4  5  6  7  8  9 10 11 12 13 14 15 16 17 18 19 20 21 22 23 24 25 26 |
---------------+-------------------------------------------------------------------------------+-----
Maces & Flails | 4 5 |  5.9
Alchemy        | 1 2 3 |  3.0
Axes           | 3 5 8 10 12 13 15 16 17 18 19 21 23 | 23.7
Dodging        | 2 3 |  3.5
Fighting       | 3 5 7 9 11 12 13 14 15 16 17 18 19 20 21 | 21.9
Shields        | 2 5 6 12 14 16 17 18 19 20 21 | 21.5
Armour         | 5 8 10 11 12 14 15 16 17 18 19 20 | 20.2
Throwing       | 2 5 7 9 11 12 13 | 13.6
Evocations     | 1 5 6 8 10 11 12 13 | 13.8
Invocations    | 5 7 9 11 12 13 15 | 15.3
Spellcasting   | |  2.1
Conjurations   | |  2.6

Action                     |  1- 3 |  4- 6 |  7- 9 | 10-12 | 13-15 | 16-18 | 19-21 | 22-24 | 25-27 || total
---------------------------+-------+-------+-------+-------+-------+-------+-------+-------+-------++-------
  Melee: Mace              |    63 |   102 |       |       |       |       |       |       |       ||   165
         Hand axe          |       |    20 |   181 |   421 |   140 |       |       |       |       ||   762
         Battleaxe         |       |       |       |    10 |   601 |   786 |   907 |  1026 |   504 ||  3834
         Spear             |       |       |       |       |     8 |     5 |    36 |       |       ||    49
         Executioner's axe |       |       |       |       |       |       |       |       |   231 ||   231
  Throw: Dart              |       |       |       |     8 |    31 |    51 |     6 |     8 |     1 ||   105
         Boomerang         |       |       |       |       |    33 |    41 |    78 |    75 |    20 ||   247
         Throwing net      |       |       |       |       |     1 |       |       |       |     1 ||     2
         Javelin           |       |       |       |       |       |       |     3 |     1 |     6 ||    10
   Cast: Sting             |       |    60 |    89 |    15 |       |       |       |       |       ||   164
         Kiss of Death     |       |       |       |     1 |       |       |       |       |       ||     1
Ability: Dig               |       |       |       |       |       |     1 |       |     1 |       ||     2
  Evoke: Wand              |       |       |     2 |     8 |    23 |     9 |    11 |     3 |    18 ||    74
         Condenser vane    |       |       |       |       |       |       |     1 |     1 |     2 ||     4
         Lightning rod     |       |       |       |       |       |       |       |     3 |     7 ||    10
         Sack of spiders   |       |       |       |       |       |       |       |       |     1 ||     1
         Phantom mirror    |       |       |       |       |       |       |       |       |     1 ||     1
    Use: Potion            |       |       |     2 |     2 |     3 |     5 |     9 |     7 |    10 ||    38
         Scroll            |       |       |    12 |     8 |     5 |     7 |     3 |     8 |     9 ||    52
   Stab: Paralysed         |       |       |     2 |    37 |    46 |    59 |    92 |   105 |    69 ||   410
         Invisible         |       |       |       |     1 |     4 |     3 |       |       |     5 ||    13
         Held in net/web   |       |       |       |       |     1 |       |       |       |       ||     1
         Distracted        |       |       |       |       |       |       |       |     1 |    11 ||    12
         Confused          |       |       |       |       |       |       |       |       |     1 ||     1
 Armour: Leather armour    |    45 |    68 |    76 |   113 |       |       |       |       |       ||   302
         Plate armour      |       |       |       |    98 |   481 |   571 |   729 |   495 |   409 ||  2783
         Ring mail         |       |       |       |       |     6 |       |       |       |       ||     6
  Dodge: Dodged            |    35 |    95 |   104 |   135 |   157 |   197 |   214 |   143 |   100 ||  1180
  Block: Buckler           |       |       |       |    85 |   140 |       |       |       |       ||   225
         Kite shield       |       |       |       |       |    15 |   459 |   583 |   519 |   363 ||  1939
         Reflection        |       |       |       |       |       |       |    41 |    51 |     9 ||   101
Riposte: Battleaxe         |       |       |       |       |    61 |   188 |   194 |   198 |   100 ||   741
         Spear             |       |       |       |       |     4 |     3 |    20 |       |       ||    27
         Executioner's axe |       |       |       |       |       |       |       |       |    46 ||    46

Table legend: (Time is in decaauts)
 A = Elapsed time spent in this place.
 B = Non-inter-level travel time spent in this place.
 C = Inter-level travel time spent in this place.
 D = Time resting spent in this place.
 E = Time spent auto-exploring this place.
 F = Levels seen in this place.
 G = Mean time per level.
                   A        B        C        D        E       F      G
               +--------+--------+--------+--------+--------+-----+--------+
         Total |  60989 |  53486 |   7503 |   8996 |  18521 |  51 | 1195.9 |
       Dungeon |  18375 |  14944 |   3431 |   2819 |   7205 |  15 | 1225.0 |
        Temple |     20 |      2 |     18 |      0 |      0 |   1 |   20.0 |
          Lair |   7041 |   5823 |   1218 |    901 |   1294 |   5 | 1408.2 |
         Swamp |   4388 |   4095 |    293 |    737 |   1313 |   4 | 1097.0 |
   Spider Nest |   5318 |   5113 |    205 |    605 |   2258 |   4 | 1329.5 |
  Orcish Mines |   2076 |   1761 |    315 |     41 |    517 |   2 | 1038.0 |
   Elven Halls |   4334 |   3826 |    508 |    701 |   1451 |   3 | 1444.7 |
        Vaults |   7256 |   6383 |    873 |    925 |   1744 |   5 | 1451.2 |
         Crypt |   3933 |   3736 |    197 |    547 |   1286 |   3 | 1311.0 |
        Depths |   7034 |   6592 |    442 |   1512 |   1260 |   4 | 1758.5 |
         Abyss |    177 |    177 |      0 |     10 |      0 |   2 |   88.5 |
        Bazaar |    271 |    271 |      0 |      0 |    191 |   1 |  271.0 |
         Sewer |    408 |    408 |      0 |    103 |      0 |   1 |  408.0 |
       Volcano |    351 |    351 |      0 |     92 |      0 |   1 |  351.0 |
               +--------+--------+--------+--------+--------+-----+--------+

Top non-repeatable levels by time:
Depths:3: 2191 daAuts
     D:9: 2169 daAuts
Depths:4: 2132 daAuts
Vaults:2: 2059 daAuts
  Lair:1: 1872 daAuts
   Elf:3: 1843 daAuts
Vaults:3: 1841 daAuts
    D:11: 1762 daAuts
Spider:4: 1745 daAuts
    D:12: 1634 daAuts
 Swamp:3: 1627 daAuts
 Crypt:3: 1617 daAuts
     D:5: 1605 daAuts
Spider:3: 1595 daAuts
Vaults:1: 1571 daAuts
